 Dungeon Crawl Stone Soup version 0.20.1-1-g8b1a95d (webtiles) character file.

740 digijack the Charmwright (level 7, 0/55 HPs)
             Began as a Barachi Skald on Dec 2, 2017.
             Was a Believer of Cheibriados.
             Succumbed to a gnoll's poison
             ... on level 5 of the Dungeon on Dec 4, 2017.
             The game lasted 00:42:10 (5075 turns).

digijack the Charmwright (Barachi Skald)            Turns: 5075, Time: 00:42:11

Health: 0/55       AC:  7    Str: 16 (18) XL:     7   Next: 75%
Magic:  9/12       EV:  7    Int: 17 (20) God:    Cheibriados [**....]
Gold:   68         SH:  0    Dex: 19      Spells: 7/13 levels left

rFire    . . .     SeeInvis .   n - +0 scimitar (slice)
rCold    . . .     Gourm    .   (no shield)
rNeg     . . .     Faith    .   e - +2 robe
rPois    .         Spirit   .   (no helmet)
rElec    .         Reflect  .   (no cloak)
rCorr    .         Harm     .   (no gloves)
MR       .....                  (no boots)
Stlth    +++.......             (no amulet)
Regen    0.2/turn               k - +1 ring of protection
MPRegen  0.2/turn               (no ring)

@: lethally poisoned (0 -> -9), can't hop, held, very slow
A: +LOS, swims, yellow scales 1, mutation resistance 1, slowness 1, strong legs
1
a: Hop, Bend Time, Renounce Religion


You were on level 5 of the Dungeon.
You worshipped Cheibriados.
Cheibriados was pleased with you.
You were hungry.

You visited 1 branch of the dungeon, and saw 5 of its levels.

You collected 172 gold pieces.
You spent 104 gold pieces at shops.

Inventory:

Hand Weapons
 n - a +0 scimitar of slicing (weapon)
Armour
 e - a +2 robe (worn)
Jewellery
 k - a +1 ring of protection (left hand)
Scrolls
 g - 4 scrolls of identify
 i - 8 scrolls of amnesia
 m - a scroll of enchant armour
Potions
 j - 4 potions of curing
Books
 c - a book of Battle

   Spells                             Type                      Level
   a - Infusion                       Charms                       1
   b - Shroud of Golubria             Charms/Translocation         2
   c - Song of Slaying                Charms                       2
   d - Spectral Weapon                Hexes/Charms                 3
   e - Regeneration                   Charms/Necromancy            3
 l - a book of Misfortune

   Spells                             Type                      Level
   a - Confusing Touch                Hexes                        1
   b - Confuse                        Hexes                        3
   c - Gell's Gravitas                Translocation                3
   d - Petrify                        Transmutation/Earth          4
   e - Metabolic Englaciation         Hexes/Ice                    5
   f - Yara's Violent Unravelling     Hexes/Transmutation          5
Comestibles
 d - 4 bread rations
 f - a meat ration
 h - 3 fruits


   Skills:
 + Level 4.3 Fighting
 + Level 4.3 Long Blades
 - Level 1.2 Armour
 - Level 2.4 Dodging
 + Level 3.8 Stealth
 + Level 3.7 Spellcasting
 + Level 4.7 Charms
 + Level 2.9 Invocations


You had 7 spell levels left.
You knew the following spells:

 Your Spells              Type           Power        Failure   Level  Hunger
a - Infusion              Chrm           ###.         2%          1    None
b - Shroud of Golubria    Chrm/Tloc      ##........   10%         2    ##.....
c - Spectral Weapon       Hex/Chrm       ##......     19%         3    ###....


Dungeon Overview and Level Annotations

Branches:
Dungeon (5/15)
 Temple: D:4-7

Altars:
Cheibriados
Hepliaklqana
Okawaru
Uskayaw
Xom
Yredelemnul
The Shining One

Shops:
D:4 (!


Innate Abilities, Weirdness & Mutations

Shadows flee at your approach. (+LOS)
You can swim through water.
You cover ground slowly.
You can hop short distances.
You are partially covered in yellow scales. (AC +2)
You are somewhat resistant to further mutation.


Message History

The gnoll hits you with a flail.
* * * LOW HITPOINT WARNING * * *
The gnoll sergeant barely misses you.
You feel sick. The gnoll misses you.
You feel sick. The gnoll misses you.
You are no longer magically infusing your attacks.
You feel sick.
The gnoll throws a throwing net.
The throwing net hits you.
You become entangled in the net!
The quokka skeleton bites you but does no damage.
You see here a throwing net.
You struggle against the net.
You feel sick. The gnoll closely misses you.
The quokka skeleton barely misses you.
You struggle against the net.
The gnoll hits you with a whip of venom.
* * * LOW HITPOINT WARNING * * *
You are lethally poisoned!
The quokka skeleton bites you.
* * * LOW HITPOINT WARNING * * *
You tear a large gash into the net.
You die...

##..#### #...#
#...?..####..#
#S..........##
.##........##
#........####..###
........###
##gg.####..
......##
#gg....... ###..#
#gZ######. #..
#@.# ... #..# ...
#..# .. #... #....
...... .......
#....... ##.......


You could see a gnoll sergeant, 4 gnolls and a quokka skeleton.

Vanquished Creatures
  Edmund (D:4)
  A necrophage (D:3)
  The ghost of Frank the Skirmisher, an amateur OpFi (D:3)
  An orc priest (D:3)
  2 hounds (D:4)
  A centaur skeleton (D:4)
  Jessica (D:2)
  2 worker ants
  2 hound skeletons (D:4)
  9 adders
  4 gnolls (D:2)
  4 worms
  2 dart slugs (D:1)
  6 leopard geckos
  4 orcs
  10 bats
  8 giant cockroaches
  9 goblins
  11 hobgoblins
  5 jackals
  3 quokkas
  A ball python (D:2)
  5 frilled lizards
  6 kobolds
  5 rats
104 creatures vanquished.

Notes
Turn   | Place    | Note
-------+----------+-------------------------------------------
     0 | D:1      | digijack the Barachi Skald began the quest for the Orb.
     0 | D:1      | Reached XP level 1. HP: 17/17 MP: 3/3
   173 | D:1      | Reached XP level 2. HP: 2/23 MP: 0/5
   473 | D:1      | Gained mutation: You are partially covered in yellow scales. (AC +2) [potion of mutation]
   473 | D:1      | Gained mutation: You are somewhat resistant to further mutation. [potion of mutation]
   684 | D:1      | Reached XP level 3. HP: 21/28 MP: 0/6
  1615 | D:2      | Found a hazy altar of Hepliaklqana.
  1615 | D:2      | Found a hide-covered altar of Uskayaw.
  1621 | D:2      | Found a basalt altar of Yredelemnul.
  1626 | D:2      | Found a snail-covered altar of Cheibriados.
  1627 | D:2      | Found a glowing golden altar of the Shining One.
  1655 | D:2      | Became a worshipper of Cheibriados the Contemplative
  1834 | D:2      | Learned a level 2 spell: Shroud of Golubria
  1838 | D:2      | Learned a level 3 spell: Spectral Weapon
  1858 | D:2      | Reached XP level 4. HP: 34/34 MP: 4/8
  2015 | D:2      | Found an iron altar of Okawaru.
  2154 | D:2      | Noticed Jessica
  2161 | D:2      | Killed Jessica
  2161 | D:2      | Reached skill level 1 in Stealth
  2426 | D:2      | Reached XP level 5. HP: 41/41 MP: 3/9
  2458 | D:2      | Reached skill level 1 in Invocations
  3329 | D:3      | Reached * piety under Cheibriados
  3563 | D:3      | Noticed a necrophage
  3571 | D:3      | Killed a necrophage
  3571 | D:3      | Reached XP level 6. HP: 47/47 MP: 2/11
  3808 | D:3      | Noticed Frank's ghost (amateur OpFi)
  3820 | D:3      | Killed Frank's ghost
  3965 | D:3      | Reached ** piety under Cheibriados
  3968 | D:3      | Reached XP level 7. HP: 53/53 MP: 3/12
  4388 | D:4      | Found a shimmering altar of Xom.
  4431 | D:4      | Found Zopsynuu's Distillery.
  4614 | D:4      | Noticed Edmund
  4629 | D:4      | Killed Edmund
  4746 | D:4      | Found Roczesea's Weapon Shop.
  4771 | D:4      | Bought a +0 scimitar of slicing for 104 gold pieces
  5033 | D:5      | Entered Level 5 of the Dungeon
  5074 | D:5      | HP: 1/55 [quokka skeleton (4)]
  5075 | D:5      | Succumbed to a gnoll's poison

Skill      XL: |  1  2  3  4  5  6  7 |
---------------+----------------------+-----
Charms         | 4 |  4.7
Long Blades    | 3 4 |  4.3
Fighting       | 3 4 |  4.3
Stealth        | 1 2 3 |  3.8
Invocations    | 1 2 |  2.9
Spellcasting   | 3 |  3.7
Armour         | |  1.2
Dodging        | |  2.4

Action                   |  1- 3 |  4- 6 |  7- 9 || total
-------------------------+-------+-------+-------++-------
Melee: Falchion          |   103 |   119 |    74 ||   296
       Scimitar          |       |       |    10 ||    10
 Cast: Infusion          |    10 |    22 |    11 ||    43
       Shroud of Golubri |       |     4 |     2 ||     6
       Spectral Weapon   |       |     1 |     1 ||     2
Invok: Bend Time         |     1 |       |     1 ||     2
 Abil: Hop               |     1 |     1 |     1 ||     3
  Use: Scroll            |     3 |     5 |     2 ||    10
       Potion            |     5 |     3 |     2 ||    10
 Stab: Sleeping          |       |     3 |     2 ||     5
  Eat: Chunk             |     4 |     6 |     2 ||    12
       Fruit             |       |     1 |       ||     1
Armor: Robe              |    37 |    30 |    25 ||    92
Dodge: Dodged            |   100 |    91 |    67 ||   258
       Rpst.: Falchion   |    36 |    24 |    14 ||    74
       Scimitar          |       |       |     3 ||     3
